 Dungeon Crawl Stone Soup version 0.30-a0-760-g5a9884bb7c (webtiles) character file.

Game seed: 14149546306347510908

8036 kae the Destroyer (level 11, -8/60 HPs)
             Began as a Gargoyle Earth Elementalist on Feb 11, 2023.
             Was an Elder of Vehumet.
             Mangled by a boulder beetle (43 damage)
             ... on level 9 of the Dungeon.
             The game lasted 00:10:05 (9380 turns).

kae the Destroyer (Gargoyle Earth Elementalist)     Turns: 9380, Time: 00:10:06

Health: -8/60      AC: 18    Str: 12    XL:     11   Next: 24%
Magic:  7/23       EV: 11    Int: 20    God:    Vehumet [****..]
Gold:   310        SH:  0    Dex: 10    Spells: 16/26 levels left

rFire   . . .      SeeInvis .    u - +3 club (spect)
rCold   + . .      Faith    .    (no shield)
rNeg    + . .      Spirit   .    a - +0 robe
rPois   ∞          Reflect  .    h - +0 helmet
rElec   +          Harm     .    j - +2 cloak
rCorr   .          Rampage  .    K - +1 pair of gloves "Nuaggaa" {Regen+ Stlth+}
Will    .....                    x - +1 pair of boots
Stlth   +++                      (no amulet)
HPRegen 1.10/turn                Z - ring of wizardry
MPRegen 0.18/turn                C - ring of protection from cold

@: no status effects
A: sickness immunity, AC +8, negative energy resistance 1, electricity
resistance, torment resistance 1, petrification resistance
a: Renounce Religion


You were on level 9 of the Dungeon.
You worshipped Vehumet.
Vehumet was greatly pleased with you.
You visited 1 branch of the dungeon, and saw 9 of its levels.

You collected 499 gold pieces.
You spent 189 gold pieces at shops.


Innate Abilities, Weirdness & Mutations

You are immune to sickness and miasma.
Your stone body is resilient. (AC +8)
You are immune to poison.
You resist negative energy. (rN+)
You are resistant to electric shocks. (rElec)
You are resistant to unholy torment.
You are immune to petrification.


   Skills:
 + Level 3.2 Fighting
 - Level 1.5 Dodging
 - Level 2.1 Stealth
 - Level 8.0 Spellcasting
 - Level 12.0 Conjurations
 - Level 0.7 Transmutations
 - Level 12.0 Earth Magic


You had 16 spell levels left.
You knew the following spells:

 Your Spells              Type           Power      Damage    Failure   Level
a - Sandblast             Erth           100%       2d20      1%          1
b - Stone Arrow           Conj/Erth      100%       3d13      1%          3
c - Passwall              Tmut/Erth      27%        N/A       1%          2
d - Petrify               Tmut/Erth      33%        N/A       2%          4

Your spell library contained the following spells:

 Spells                   Type           Power      Damage    Failure   Level
 Inner Flame              Hex/Fire       8%         N/A       3%          3
 Apportation              Tloc           16%        N/A       3%          1
 Necrotise                Necr           32%        1d5       3%          1
 Summon Small Mammal      Summ           32%        N/A       3%          1

Inventory:

Hand Weapons
 e - a +0 heavy hand axe
   (You found it on level 1 of the Dungeon)
 u - a +3 spectral club (weapon)
   (You took it off Ijyb on level 5 of the Dungeon)
Missiles
 c - 142 stones
 f - 4 silver javelins
 k - 11 boomerangs
 n - 21 poisoned darts
 G - 4 javelins
 P - a curare-tipped dart {=f}
Armour
 a - a +0 robe (worn)
 h - a +0 helmet (worn)
   (You found it on level 1 of the Dungeon)
 j - a +2 cloak (worn)
   (You found it on level 1 of the Dungeon)
 x - a +1 pair of boots (worn)
   (You found it on level 6 of the Dungeon)
 K - the +1 pair of gloves "Nuaggaa" (worn) {Regen+ Stlth+}
   (You found it on level 6 of the Dungeon)

   Regen:     It increases your rate of health regeneration.
   Stlth:     It makes you more stealthy.
Magical Staves
 D - a staff of earth {!a}
   (You found it on level 7 of the Dungeon)
Jewellery
 z - a ring of wizardry
   (You found it on level 9 of the Dungeon)
 C - a ring of protection from cold (right hand)
   (You found it on level 7 of the Dungeon)
 F - a ring of fire
   (You found it on level 7 of the Dungeon)
 O - a ring of willpower
   (You found it on level 9 of the Dungeon)
 Z - a ring of wizardry (left hand)
   (You found it on level 4 of the Dungeon)
Wands
 t - a wand of flame (54)
   (You took it off Ijyb on level 5 of the Dungeon)
 H - a wand of mindburst (20)
   (You found it on level 8 of the Dungeon)
 N - a wand of iceblast (3)
   (You found it on level 9 of the Dungeon)
Scrolls
 s - 3 scrolls of blinking {!r}
 w - 3 scrolls of teleportation {@r4}
 y - a scroll of vulnerability {!r!r}
 A - a scroll of magic mapping {!r}
 B - a scroll of identify {@r1}
 J - a scroll of brand weapon
 L - 2 scrolls of enchant weapon
 M - a scroll of fog
Potions
 b - 2 potions of magic
 d - 8 potions of curing {@q1}
 g - 3 potions of flight
 i - 3 potions of brilliance
 l - a potion of lignification {!q}
 m - a potion of mutation {!q}
 o - a potion of cancellation
 p - a potion of invisibility
 q - a potion of heal wounds {@q2}
 r - a potion of berserk rage {!q}
 v - a potion of attraction {!q}
 E - a potion of might
 I - 2 potions of resistance

Dungeon Overview and Level Annotations

Branches:
Dungeon (9/15) Zot: 26190  Temple (0/1) D:6
   Lair: D:8-11         Orc: D:9-12

Altars:
Cheibriados
Elyvilon
Makhleb
Sif Muna
Trog
Vehumet
The Shining One

Shops:
D:5 [   D:7 ?   D:8 *   D:9 (

Annotations:
D:3 3 runed translucent doors, tilp's ghost, amateur MeFi
D:4 3 runed translucent doors, qborf's ghost, novice AtMo
D:9 exclusions: hellwing and rust devil

.# #....#†## .# #....#.# .# #....
.....#.# .# #...#########.....#.#
.# #...#.......# . #.# ##
#...'.......# .. #.## .
######...#l......# ... #... .
.........#.......# ....#### .....
......°°)#@#######........#
....###'####..○B................#
.)..#......#.#######............'
....#......#.#.....# ........P###
....#.....##.#.....#........♣....
....#.....#..#.....#.. ... ..♣...
....##....#..'.....#.. .. #....
.....'....#..#.....#.. . #....
.....######..#.....#.# #..#....


You could see a boulder beetle (rolling) and a wyvern (wandering).


Message History

The boulder beetle misses you.
Casting: Stone Arrow (safe; 1% risk of failure)
Confirm with . or Enter, or press ? or * to list all spells.
Aiming: Stone Arrow (safe; 1% risk of failure)
Press: ? - help, Shift-Dir - straight line, f - boulder beetle
Aim: a boulder beetle (100% to hit)
The stone arrow hits the boulder beetle!!
The boulder beetle bites you but does no damage. 😎 MP[-2]
You lost 2 mp, and now have 8/23 mp.
Casting: Stone Arrow (safe; 1% risk of failure)
Confirm with . or Enter, or press ? or * to list all spells.
Aiming: Sandblast (safe; 1% risk of failure)
Press: ? - help, Shift-Dir - straight line, f/p - boulder beetle
Aim: a boulder beetle (moderately wounded, 100% to hit)
The blast of sand hits the boulder beetle but does no damage.
The howler monkey hoots and howls with incredible vigour!
The boulder beetle closely misses you. 😎 MP[-1]
You lost 1 mp, and now have 7/23 mp.
Okay, then.
Okay, then.
The boulder beetle attacks as you move away!
The boulder beetle bites you but does no damage.
The howler monkey hits you but does no damage.
You completely miss the howler monkey.
Your +3 spectral club hits the howler monkey!
The howler monkey hits your +3 spectral club but does no damage.
The boulder beetle bites you but does no damage.
The howler monkey barely misses your +3 spectral club.
The boulder beetle bites you but does no damage.
You catch the helpless howler monkey completely off-guard!
You hit the howler monkey.
Your +3 spectral club closely misses the howler monkey.
The howler monkey hits you.
The boulder beetle barely misses you. 😕 HP[-3]
You take 3 damage, and now have 54/57 hp.
You barely miss the howler monkey.
Your +3 spectral club hits the howler monkey!
You kill the howler monkey!
Vehumet accepts your kill.
You feel your power returning.
The boulder beetle bites you! 😮 HP[-15] MP[+2]
You take 15 damage, and now have 39/57 hp.
MASSIVE DAMAGE!! (PAUSE)
You regained 2 mp, and now have 9/23 mp.
You swap places. 😮 HP[+1]
The boulder beetle attacks as you move away!
The boulder beetle barely misses you. 😮 HP[+1]
You completely miss the boulder beetle. The boulder beetle bites you! x2
* * * LOW HITPOINT WARNING * * *
😨 HP[-15]
You take 15 damage, and now have 26/57 hp.
MASSIVE DAMAGE!! (PAUSE)
Aiming: Mindburst
Press: ? - help, Shift-Dir - straight line, f/p - boulder beetle
Aim: a boulder beetle (moderately wounded, chance to affect: 47%)
The boulder beetle resists with some effort.
The boulder beetle leaps! 😨 HP[+1]
Casting: Sandblast (safe; 1% risk of failure)
Confirm with . or Enter, or press ? or * to list all spells.
Aiming: Stone Arrow (safe; 1% risk of failure)
Press: ? - help, Shift-Dir - straight line, f - manticore
Aim: a manticore (87% to hit)
The stone arrow hits the manticore!
The manticore flicks its tail.
The volley of spikes misses you. 😨 HP[+1] MP[-2]
You lost 2 mp, and now have 7/23 mp.
Casting: Stone Arrow (safe; 1% risk of failure)
Confirm with . or Enter, or press ? or * to list all spells.
Aiming: Stone Arrow (safe; 1% risk of failure)
Press: ? - help, Shift-Dir - straight line, f/p - manticore
Aim: a manticore (moderately wounded, 87% to hit)
The stone arrow hits the manticore! 😮 HP[+1] MP[-3]
You lost 3 mp, and now have 4/23 mp.
Casting: Stone Arrow (safe; 1% risk of failure)
Confirm with . or Enter, or press ? or * to list all spells.
Aiming: Sandblast (safe; 1% risk of failure)
Press: ? - help, Shift-Dir - straight line, f/p - manticore
Aim: a manticore (heavily wounded, 91% to hit)
The blast of sand hits the manticore!!
You kill the manticore!
Vehumet accepts your kill.
You feel your power returning.
The boulder beetle curls into a ball and begins rolling!
Your Fighting skill increases to level 3! 😮 HP[+4] MP[+3]
You now have 60 max hp (+3).
You regained 4 hp, and now have 33/60 hp.
You regained 3 mp, and now have 7/23 mp. 😮 HP[+1]
A wyvern comes into view.
The boulder beetle hits you!!!
Ouch! That really hurt!
You die...

Skill      XL: |  1  2  3  4  5  6  7  8  9 10 11 |
---------------+----------------------------------+-----
Earth Magic    | 4 5 6 7 9 11 12 | 12.0
Conjurations   | 1 3 4 6 8 10 12 | 12.0
Spellcasting   | 3 4 5 6 8 |  8.0
Fighting       | 3 |  3.2
Dodging        | |  1.5
Stealth        | |  2.1
Transmutations | |  0.7

Action                     |  1- 3 |  4- 6 |  7- 9 | 10-12 || total
---------------------------+-------+-------+-------+-------++-------
  Melee: Unarmed           |    28 |       |       |       ||    28
         Punch             |     1 |       |       |       ||     1
         Hand axe          |     2 |     6 |     2 |       ||    10
         Club              |       |       |    28 |     5 ||    33
   Cast: Sandblast         |    53 |    54 |   168 |    58 ||   333
         Stone Arrow       |       |     3 |    54 |    49 ||   106
  Evoke: Wand              |       |       |       |     1 ||     1
    Use: Scroll            |     3 |     8 |    12 |     4 ||    27
         Potion            |       |     2 |       |       ||     2
   Stab: Distracted        |       |       |       |     1 ||     1
 Armour: Robe              |    23 |    21 |    76 |    42 ||   162
  Dodge: Dodged            |    43 |    36 |    62 |    39 ||   180

Levels and vault maps discovered:
D:1:      denvon_arrival_hothouse, layout_loops_ring, dreamdust_wishing_well,
          minmay_misc_feat_columns, minmay_3d_cube
D:2:      layout_basic, basic_altar, shapermc_ecumenical_altar_gd
D:3:      layout_basic, mainiacjoe_overflow_concentric_impassable,
          gammafunk_ghost_necromancy, uniq_terence, uniq_pargi, uniq_grinder
D:4:      corexii_shantytown, layout_basic, gammafunk_ghost_split,
          minmay_quadrilaterals
D:5:      layout_gridville, lemuel_blue_sif_altar, serial_shops,
          kennysheep_mini_moat, uniq_menkaure, uniq_ijyb
D:6:      layout_basic, minmay_temple_entry_fiery, uniq_crazy_yiuf_cottage
D:7:      layout_gridville, elyvilon_altar_5, serial_shops,
          nicolae_shop_behind_doors, kennysheep_generic_room_13
D:8:      layout_basic, kennysheep_slug_shrine, nicolae_overflow_hidden_temple,
          gammafunk_ghost_grave, grunt_ministairs_13, nicolae_island_escapes,
          uniq_maurice
D:9:      minmay_shrinking_squares, layout_irregular_city, serial_demonic,
          serial_demonic_f, serial_demonic_d, serial_demonic_e,
          serial_demonic_b, serial_shops, shop, grunt_ministairs_14

Notes
Turn   | Place    | Note
-------+----------+-------------------------------------------
     0 | D:1      | kae the Gargoyle Earth Elementalist began the quest for the
                  | Orb.
     0 | D:1      | Reached XP level 1. HP: 10/10 MP: 3/3
     0 | D:1      | magus.rc [v1.11.3]
    20 | D:1      | You pick up a book of Cantrips and begin reading...
    20 | D:1      | You add the spells Necrotise, Summon Small Mammal and
                  | Apportation to your library.
    66 | D:1      | Reached XP level 2. HP: 12/15 MP: 0/5
   160 | D:1      | Reached skill level 4 in Earth Magic
   168 | D:1      | HP: 3/15 [frozen (4)]
   540 | D:1      | Reached XP level 3. HP: 19/19 MP: 3/6
   544 | D:1      | Learned a level 3 spell: Stone Arrow
   547 | D:1      | Learned a level 2 spell: Passwall
   771 | D:1      | You fall into a shaft and drop 1 floor!
   781 | D:2      | Found a faded altar of an unknown god.
   919 | D:2      | Reached skill level 1 in Conjurations
  1300 | D:2      | Reached XP level 4. HP: 24/24 MP: 3/8
  1415 | D:2      | Found a glowing golden altar of the Shining One.
  2035 | D:3      | Noticed Grinder
  2037 | D:3      | Reached skill level 2 in Conjurations
  2039 | D:3      | Paralysed by Grinder for 3 turns
  2044 | D:3      | HP: 4/24 [Grinder (5)]
  2044 | D:3      | HP: 1/24 [Grinder (3)]
  2053 | D:2      | Killed Grinder
  2054 | D:2      | Reached skill level 3 in Spellcasting
  2054 | D:2      | Reached skill level 3 in Conjurations
  2054 | D:2      | Reached skill level 5 in Earth Magic
  2054 | D:2      | Reached XP level 5. HP: 13/28 MP: 0/10
  2054 | D:2      | Reached XP level 6. HP: 15/32 MP: 0/11
  2156 | D:3      | Noticed Pargi
  2280 | D:3      | Found a radiant altar of Vehumet.
  2297 | D:3      | Reached skill level 4 in Conjurations
  2302 | D:3      | Killed Pargi
  2391 | D:3      | Became a worshipper of Vehumet
  2714 | D:3      | Found a runed translucent gate.
  2715 | D:3      | Found a runed translucent gate.
  2715 | D:3      | Noticed Terence
  2725 | D:3      | Killed Terence
  2798 | D:3      | Found a runed translucent gate.
  2990 | D:3      | Noticed tilp's ghost (amateur MeFi)
  3246 | D:4      | Reached XP level 7. HP: 33/36 MP: 8/12
  3296 | D:4      | Found a runed translucent gate.
  3296 | D:4      | Found a runed translucent gate.
  3297 | D:4      | Found a runed translucent gate.
  3302 | D:4      | Noticed qborf's ghost (novice AtMo)
  3330 | D:4      | Reached skill level 4 in Spellcasting
  3429 | D:4      | Reached * piety under Vehumet
  3429 | D:4      | Offered knowledge of Freeze by Vehumet.
  3445 | D:4      | Reached skill level 5 in Conjurations
  3570 | D:4      | Identified the +0 robe of the Constellations {+Inv rF+
                  | rCorr Slay-6}
  3635 | D:4      | Reached skill level 6 in Earth Magic
  4445 | D:5      | Entered Level 5 of the Dungeon
  4524 | D:5      | Reached ** piety under Vehumet
  4524 | D:5      | Offered knowledge of Foxfire by Vehumet.
  4525 | D:5      | Reached skill level 6 in Conjurations
  4626 | D:5      | Reached XP level 8. HP: 41/41 MP: 14/14
  4866 | D:5      | Noticed Menkaure
  4871 | D:5      | Killed Menkaure
  4872 | D:5      | Reached skill level 7 in Earth Magic
  4952 | D:5      | Found Qatar's Antique Armour Shoppe.
  4966 | D:5      | Reached skill level 5 in Spellcasting
  4966 | D:5      | Reached skill level 7 in Conjurations
  5000 | D:5      | Noticed Ijyb
  5008 | D:5      | Killed Ijyb
  5441 | D:5      | Found a shimmering blue altar of Sif Muna.
  5495 | D:6      | Reached skill level 8 in Conjurations
  5500 | D:6      | Offered knowledge of Kindle Blastsparks by Vehumet.
  5596 | D:6      | Reached XP level 9. HP: 31/45 MP: 9/17
  5717 | D:6      | Reached *** piety under Vehumet
  5764 | D:6      | Found a staircase to the Ecumenical Temple.
  5814 | D:6      | Reached skill level 8 in Earth Magic
  6240 | D:6      | Identified the +1 pair of gloves "Nuaggaa" {Regen+ Stlth+}
  6408 | D:6      | Found a runed translucent door.
  6409 | D:6      | Noticed Crazy Yiuf
  6413 | D:6      | Killed Crazy Yiuf
  6481 | D:7      | Learned a level 4 spell: Petrify
  6499 | D:7      | Reached skill level 9 in Conjurations
  6588 | D:7      | Offered knowledge of Hailstorm by Vehumet.
  6591 | D:7      | Reached skill level 6 in Spellcasting
  6756 | D:7      | Found a white marble altar of Elyvilon.
  6976 | D:7      | Found Tangevasu's Magic Scroll Emporium.
  6979 | D:7      | Bought a scroll of magic mapping for 105 gold pieces
  6979 | D:7      | Bought a scroll of identify for 28 gold pieces
  6980 | D:7      | Bought a scroll of identify for 28 gold pieces
  6980 | D:7      | Bought a scroll of identify for 28 gold pieces
  7541 | D:8      | Found a burning altar of Makhleb.
  7545 | D:8      | Found a bloodstained altar of Trog.
  7609 | D:8      | Reached skill level 10 in Conjurations
  7609 | D:8      | Reached skill level 9 in Earth Magic
  7612 | D:8      | Reached **** piety under Vehumet
  7725 | D:8      | Found Mofaxt's Island Escapes.
  7734 | D:8      | Noticed Maurice
  7745 | D:8      | Killed Maurice
  7746 | D:8      | Reached XP level 10. HP: 28/50 MP: 1/20
  7963 | D:8      | Reached skill level 7 in Spellcasting
  7966 | D:8      | Reached skill level 11 in Conjurations
  8080 | D:8      | Found a snail-covered altar of Cheibriados.
  8097 | D:8      | Offered knowledge of Inner Flame by Vehumet.
  8332 | D:8      | Found a runed translucent door.
  8333 | D:8      | Noticed inmateoo's ghost (novice TeGl)
  8495 | D:8      | Killed inmateoo's ghost
  8496 | D:8      | Reached skill level 10 in Earth Magic
  8661 | D:9      | Noticed a rust devil
  9017 | D:9      | Found Acienu's Antique Weapon Emporium.
  9036 | D:9      | Reached skill level 12 in Conjurations
  9080 | D:9      | Noticed a smoke demon
  9093 | D:9      | Reached skill level 8 in Spellcasting
  9096 | D:9      | Killed a smoke demon
  9097 | D:9      | Reached skill level 11 in Earth Magic
  9097 | D:9      | Reached XP level 11. HP: 47/54 MP: 8/23
  9354 | D:9      | Noticed a centaur warrior
  9360 | D:9      | Noticed a boulder beetle
  9362 | D:9      | Noticed a manticore
  9363 | D:9      | Killed a centaur warrior
  9364 | D:9      | Reached skill level 12 in Earth Magic
  9364 | D:9      | Reached skill level 2 in Fighting
  9378 | D:9      | Killed a manticore
  9379 | D:9      | Reached skill level 3 in Fighting
  9380 | D:9      | Mangled by a boulder beetle

Vanquished Creatures
  A centaur warrior (D:9)
  The ghost of inmateoo the Carver, a novice TeGl of Okawaru (D:8)
  A manticore (D:9)
  Maurice (D:8)
  A smoke demon (D:9)
  2 trolls (D:9)
  Grinder (D:2)
  8 yaks
  A vampire (D:9)
  Menkaure (D:5)
  A water moccasin (D:7)
  Pargi (D:3)
  A sky beast (D:6)
  A black bear (D:7)
  3 orc warriors
  6 centaurs
  An ogre (D:6)
  3 phantoms (D:5)
  3 kobold brigands
  5 bullfrogs
  A gnoll sergeant (D:8)
  2 necrophages
  3 scorpions (D:5)
  5 wights (D:8)
  4 howler monkeys
  3 quasits (D:9)
  Crazy Yiuf (D:6)
  5 hounds
  3 jellies
  4 orc priests
  A gnoll bouda (D:7)
  Terence (D:3)
  Ijyb (D:5)
  5 orc wizards
  12 adders
  22 gnolls
  2 shadow imps
  2 white imps (D:6)
  2 ufetubi
  2 worms
  3 dart slugs
  37 orcs
  5 endoplasms
  A giant cockroach (D:2)
  16 goblins
  8 hobgoblins
  33 kobolds
  4 quokkas
  5 ball pythons
  7 bats
  4 frilled lizards
  4 rats
251 creatures vanquished.

Vanquished Creatures (others)
  5 demonic plants
  2 withered plants (D:8)
7 creatures vanquished.

Grand Total: 258 creatures vanquished

Table legend:
 A = Non-vault XP
 B = Vault XP
 C = Vault XP percentage of total XP
 D = Non-vault monster count
 E = Vault monster count
 F = Vault count percentage of total count
                 A         B        C        D         E       F
            +---------+---------+-------+---------+---------+-------
      Total |    6402 |    5079 |  44.2 |     198 |      53 |  21.1
            +---------+---------+-------+---------+---------+-------
        D:1 |      37 |       4 |   9.8 |      24 |       3 |  11.1
        D:2 |      71 |     277 |  79.6 |      20 |       1 |   4.8
        D:3 |      50 |     172 |  77.5 |      17 |       2 |  10.5
        D:4 |     136 |     125 |  47.9 |      13 |      29 |  69.0
        D:5 |    1022 |     205 |  16.7 |      23 |       2 |   8.0
        D:6 |     820 |      44 |   5.1 |      25 |       1 |   3.8
        D:7 |    1001 |       0 |   0.0 |      27 |       0 |   0.0
        D:8 |    1645 |    1226 |  42.7 |      26 |       4 |  13.3
        D:9 |    1620 |    3026 |  65.1 |      23 |      11 |  32.4
            +---------+---------+-------+---------+---------+-------

Illustrated notes

Table legend:
 A = Kills in this place as a percentage of kills in entire the game.
 B = Kills by you in this place as a percentage of kills by you in the entire game.
 C = Kills by friends in this place as a percentage of kills by friends in the entire game.
 D = Other kills in this place as a percentage of other kills in the entire game.
 E = Experience gained in this place as a percentage of experience gained in the entire game.
 F = Experience gained in this place divided by the number of levels of this place that you have seen.
                   A       B       C       D       E      F
               +-------+-------+-------+-------+-------+----------------------
         Total | 100.0 | 100.0 |   N/A |   N/A | 100.0 | 1275.7
       Dungeon | 100.0 | 100.0 |   N/A |   N/A | 100.0 | 1275.7
               +-------+-------+-------+-------+-------+----------------------

Table legend: (Time is in decaauts)
 A = Elapsed time spent in this place.
 B = Non-inter-level travel time spent in this place.
 C = Inter-level travel time spent in this place.
 D = Time resting spent in this place.
 E = Time spent auto-exploring this place.
 F = Levels seen in this place.
 G = Mean time per level.
                   A        B        C        D        E       F      G
               +--------+--------+--------+--------+--------+-----+--------+
         Total |   9566 |   9281 |    285 |    641 |   7193 |   9 | 1062.9 |
       Dungeon |   9566 |   9281 |    285 |    641 |   7193 |   9 | 1062.9 |
               +--------+--------+--------+--------+--------+-----+--------+

Top non-repeatable levels by time:
     D:2: 1349 daAuts
     D:4: 1300 daAuts
     D:8: 1206 daAuts
     D:5: 1143 daAuts
     D:3: 1096 daAuts
     D:7: 948 daAuts
     D:6: 927 daAuts
     D:9: 808 daAuts
     D:1: 786 daAuts
